Map: Automaton LE

Players

TiPtOP

  • Race: Terran Terran
  • League: Silver
  • Spawn Location: 9:00

Spazzy - Winner!

  • Race: Protoss Protoss
  • League: Silver
  • Spawn Location: 3:00

VOD

Have the link to the VOD?

Description

Time

  • Played on: May 13, 2019, 12:07 a.m.
  • Length: 21:56
Show
View Real Time Build Order
Export as new Build Order

TiPtOP Terran 

Build Orders:  

Get SALT Encoding   

  12  0:01  SCV  
  13  0:13  SCV  
  14  0:19  Supply Depot  
  14  0:25  SCV  
  15  0:40  SCV  
  15  0:42  Barracks  
  16  0:52  SCV  
  17  0:57  Refinery  
  17  1:04  SCV  
  18  1:19  SCV  
  19  1:30  Marine  
  20  1:35  Orbital Command  
  20  1:42  Supply Depot  
  20  1:53  Barracks  
  20  2:09  Command Center  
  19  2:22  Barracks Reactor  
  19  2:25  SCV  
  20  2:42  Barracks Tech Lab  
  20  2:43  Barracks  
  20  2:46  SCV  
  21  2:57  Marine  
  21  2:58  Marine  
  23  3:03  SCV  
  24  3:12  Marine  
  25  3:28  SCV  
  25  3:30  Supply Depot  
  25  3:34  Marine x3  
  26  3:36  Stimpack  
  26  3:38  SCV  
  30  3:42  Orbital Command  
  30  3:53  Barracks Reactor  
  30  4:08  SCV  
  28  4:44  Marine x3  
  28  4:45  Marine  
  27  4:56  Marine  
  27  5:01  Marine  
  27  5:03  Marine x3  
  31  5:17  Factory  
  31  5:19  Marine x2  
  31  5:20  Marine  
  31  5:21  Marine x2  
  24  5:56  Marine x3  
  27  5:58  SCV  
  28  6:10  Engineering Bay, SCV  
  29  6:12  SCV  
  30  6:24  SCV  
  31  6:26  Marine x2  
  31  6:27  Marine x3  
  32  6:59  SCV  
  33  7:09  SCV  
  33  7:10  Missile Turret  
  33  7:11  SCV  
  33  7:15  Marine x5  
  38  7:16  Missile Turret  
  38  7:21  Factory Reactor  
  38  7:22  SCV  
  41  7:23  SCV  
  41  7:29  Starport  
  42  7:33  Marine  
  42  7:35  SCV  
  42  7:36  Marine x2  
  42  7:37  Missile Turret, Marine x2  
  48  7:44  Missile Turret  
  48  7:54  SCV  
  49  8:01  Marine x4  
  49  8:03  Refinery  
  53  8:10  Bunker  
  53  8:15  Bunker  
  38  8:35  Marine x2  
  38  8:36  Marine x3  
  43  8:53  Marine x2  
  45  9:07  SCV  
  46  9:30  Supply Depot  
  46  9:45  Supply Depot  
  46  9:52  Medivac  
  48  9:58  SCV  
  49  10:10  SCV  
  50  10:18  SCV  
  51  10:22  SCV  
  52  10:30  SCV  
  52  10:34  Marine x2  
  52  10:35  Marine x3  
  58  10:38  Medivac x2  
  62  10:54  Factory Tech Lab  
  62  11:16  Marine x5  
  67  11:29  SCV  
  63  11:41  SCV  
  54  12:06  Marine  
  54  12:07  Marine x4  
  45  12:29  Bunker, Marine x5  
  46  12:35  SCV  
  47  12:46  Marine  
  47  12:47  SCV, Marine  
  41  12:59  SCV  
  42  13:28  Marine  
  42  13:29  Marine x4  
  47  13:34  Missile Turret  
  47  13:40  Missile Turret  
  47  13:45  Factory  
  47  13:51  Marine x4  
  36  14:38  Medivac  
  38  15:01  Marine x4  
  38  15:03  SCV  
  43  15:09  SCV  
  44  15:16  SCV  
  45  15:21  SCV  
  45  15:28  SCV  
  47  15:30  Combat Shield  
  47  15:33  SCV  
  48  15:40  SCV  
  49  15:44  Marine  
  49  15:45  Marine x4  
  49  15:46  SCV  
  55  15:52  SCV  
  55  15:55  Factory Tech Lab  
  56  16:05  Marine x3  
  56  16:06  Missile Turret, Marine x2  
  61  16:14  Siege Tank  
  64  16:23  Marine x4  
  68  16:26  Missile Turret  
  68  16:48  Missile Turret  
  68  17:10  Marine x2  
  70  17:39  Marine x3  
  63  17:48  SCV  
  64  17:55  Starport  
  64  17:56  Starport  
  64  18:00  SCV x2  
  64  18:01  Fusion Core  
  66  18:12  SCV x2  
  68  18:24  SCV  
  69  18:40  Supply Depot  
  69  18:41  Supply Depot  
  69  18:46  Starport Tech Lab  
  69  18:47  Starport Tech Lab  
  69  18:48  Supply Depot  
  69  19:02  Medivac  
  71  19:04  Refinery  
  71  19:05  SCV  
  73  19:17  SCV  
  73  19:18  SCV  
  73  19:22  Marine x2  
  73  19:23  Refinery, Marine x3  
  79  19:26  Battlecruiser  
  79  19:29  SCV  
  86  19:36  SCV  
  87  19:41  SCV  
  85  19:48  SCV  
  39  20:01  Marine x3  
  44  20:13  Battlecruiser  
  50  20:18  Marine  
  50  20:19  Siege Tank, Marine x2  
  40  20:36  Marine x2  
  40  20:37  Marine  
  16  21:10  Marine x2  
  9  21:23  Marine  
  9  21:28  Marine  
Show
View Real Time Build Order
Export as new Build Order

Spazzy Protoss - Winner!

Build Orders: Dark Templar Rush 

Get SALT Encoding   

  1  0:00  Probe  
  12  0:06  Probe  
  14  0:19  Pylon  
  14  0:24  Probe  
  15  0:37  Probe  
  15  0:40  Gateway  
  16  0:49  Probe  
  17  0:58  Gateway  
  17  1:02  Assimilator  
  17  1:19  Pylon  
  17  1:20  Zealot  
  17  1:25  Probe  
  20  1:33  Cybernetics Core  
  20  1:37  Probe  
  21  1:40  Assimilator  
  21  2:21  Adept  
  23  2:28  Warp Gate  
  23  2:33  Pylon  
  23  2:50  Twilight Council  
  23  2:51  Adept  
  25  2:56  Pylon  
  25  3:07  Robotics Facility  
  25  3:10  Probe  
  26  3:18  Probe  
  27  3:31  Stalker x2  
  31  3:47  Dark Shrine  
  31  3:54  Warp Prism  
  33  4:04  Probe  
  34  4:17  Stalker x2  
  34  5:02  Dark Templar x2  
  34  5:05  Shadow Stride  
  38  5:10  Pylon  
  34  5:35  Dark Templar  
  30  6:04  Dark Templar  
  32  6:08  Immortal  
  32  6:11  Zealot  
  38  7:00  Stalker x2  
  42  7:20  Gateway  
  42  7:21  Gateway  
  42  7:24  Gateway  
  42  7:25  Gateway  
  42  7:26  Probe  
  43  7:35  Templar Archives  
  43  7:37  Nexus, Dark Templar  
  43  7:38  Probe  
  43  7:44  Pylon  
  42  8:46  Charge  
  36  8:49  Warp Prism  
  38  8:57  Stalker x6  
  50  9:07  Probe  
  50  9:15  Probe  
  52  9:25  Zealot, Immortal, Probe  
  59  9:37  Probe  
  59  9:38  Dark Templar  
  62  9:42  Dark Templar  
  64  9:48  Zealot x2  
  68  9:59  Forge  
  68  10:03  Pylon  
  68  10:05  Probe  
  68  10:07  Probe  
  70  10:17  Probe x2  
  72  10:36  Zealot  
  72  10:37  Zealot x2  
  78  10:49  Pylon  
  78  10:50  Pylon  
  78  10:53  Pylon  
  78  11:23  Zealot x4  
  78  11:24  Zealot x2  
  82  11:48  Stalker  
  82  11:49  Stalker x4  
  82  11:50  Stalker  
  46  12:29  Dark Templar x3  
  52  12:30  Dark Templar  
  46  13:02  Sentry x2  
  50  13:06  Stalker x2  
  54  13:16  Stalker  
  56  13:20  Probe  
  56  13:22  Assimilator  
  56  13:26  Probe, Assimilator  
  58  13:32  Probe  
  59  13:38  Probe  
  59  13:39  Nexus  
  60  13:44  Probe  
  60  13:46  Dark Templar  
  63  13:51  Zealot x5  
  73  13:56  Probe  
  52  14:18  Robotics Bay  
  44  14:30  Probe  
  42  14:36  Stalker x5  
  42  14:38  Probe  
  51  14:40  Zealot  
  54  14:47  Probe  
  55  14:57  Gateway  
  55  15:00  Gateway  
  55  15:02  Pylon  
  55  15:04  Pylon  
  55  15:05  Photon Cannon x2  
  55  15:07  Dark Templar x2  
  55  15:09  Photon Cannon, Probe  
  60  15:15  Probe  
  60  15:17  Probe  
  62  15:26  Probe  
  62  15:28  Assimilator, Probe  
  62  15:32  Assimilator, Psionic Storm  
  64  15:36  Probe  
  64  15:39  Probe  
  66  15:48  High Templar  
  68  15:51  Probe  
  69  16:03  Probe  
  70  16:07  High Templar x2  
  74  16:15  Gateway  
  74  16:21  Probe  
  75  16:29  Probe  
  75  16:30  Protoss Ground Weapons Level 1  
  75  16:32  Colossus  
  75  16:35  High Templar  
  75  16:39  Probe  
  85  17:06  High Templar  
  87  17:10  Zealot x4  
  87  17:11  Zealot x4  
  103  17:35  Extended Thermal Lance  
  103  17:39  Colossus  
  109  18:21  Zealot x4  
  109  18:22  Zealot x3  
  109  18:25  Stalker x2  
  127  18:38  Protoss Ground Armor Level 1  
  127  19:20  Zealot x3  
  127  19:28  Stalker x3  
  133  19:39  Pylon  
  133  19:41  Pylon  
  133  19:45  Pylon  
  129  19:46  Pylon  
  99  20:26  Zealot x4  
  99  20:27  Zealot x5  
  109  21:21  Stalker x4  
  109  21:22  Stalker x5  
Tags
 
Add a new tag
Caveats
  • Supply blocks, unpowered buildings, or Contaminate may cause inaccurate times.
  • Supply counts are checked every 10 seconds.